| TOP OF THE 1ST |
|
Montgomery Biscuits batting - Pitching for Portland Sea Dogs : RHP Lukasha Sheigus
|
|
Pitching: RHP Lukasha Sheigus
|
|
|
Batting: RHB Chris Thorson
|
0-0: Called Strike 0-1: Ball 1-1: Called Strike 1-2: Strikes out looking
|
|
Batting: LHB Darryl Gonnella
|
0-0: Ball 1-0: Fly out, F8 (Flyball, 8RD, EV 103.1 MPH)
|
|
Batting: LHB Eric Toney
|
0-0: Called Strike 0-1: Foul Ball, location: 2F 0-2: Ball 1-2: SINGLE (Groundball, 6MD, EV 99.4 MPH)
|
|
Batting: RHB James Huddleston
|
0-0: Swinging Strike 0-1: Swinging Strike 0-2: DOUBLE (Line Drive, 7LS, EV 109.4 MPH) Eric Toney to third Runner from 3rd tries for Home, SAFE, throw by LF to trailing runner, SAFE at third!
|
|
Batting: RHB Nelle Lommen
|
0-0: Called Strike 0-1: Swinging Strike 0-2: Strikes out swinging
|
| Top of the 1st over - 1 run, 2 hits, 0 errors, 1 left on base; Montgomery 1 - Portland 0 |
| BOTTOM OF THE 1ST |
|
Portland Sea Dogs batting - Pitching for Montgomery Biscuits : LHP Frank Rodriguez
|
|
Pitching: LHP Frank Rodriguez
|
|
|
Batting: RHB Mike Batko
|
0-0: Ball 1-0: Foul Ball, location: 2F 1-1: Ball 2-1: Swinging Strike 2-2: Strikes out swinging
|
|
Batting: RHB Miguel Villanueva
|
0-0: Called Strike 0-1: Ball 1-1: Foul Ball, location: 2F 1-2: Strikes out swinging
|
|
Batting: RHB Dave Burwell
|
0-0: Foul Ball, location: 2F 0-1: Called Strike 0-2: SINGLE (Line Drive, 56D, EV 102.5 MPH)
|
|
Batting: RHB Zi-jing Wang
|
0-0: Ball 1-0: Ball 2-0: Ball 3-0: Base on Balls Dave Burwell to second
|
|
Batting: RHB Mike Cavagnaro
|
0-0: Called Strike 0-1: Ball 1-1: Ball 2-1: Ground out 4-3 (Groundball, 4S, EV 61.2 MPH)
|
| Bottom of the 1st over - 0 runs, 1 hit, 0 errors, 2 left on base; Montgomery 1 - Portland 0 |
| TOP OF THE 2ND |
|
Montgomery Biscuits batting - Pitching for Portland Sea Dogs : RHP Lukasha Sheigus
|
|
Batting: LHB Danny Hull
|
0-0: SOLO HOME RUN (Flyball, 9LD, EV 93.8 MPH), Distance : 346 ft
|
|
Batting: SHB Julio Hernandez
|
0-0: Called Strike 0-1: Swinging Strike 0-2: Ball 1-2: Ball 2-2: Strikes out swinging
|
|
Batting: RHB Khalil Walker
|
0-0: Foul Ball, location: 2F 0-1: Ground out 4-3 (Groundball, 34D, EV 88.8 MPH)
|
|
Batting: LHB Angel Ruvalcaba
|
0-0: Ball 1-0: Ball 2-0: Called Strike 2-1: Foul Ball, location: 2F 2-2: Foul Ball, location: 2F 2-2: Strikes out swinging
|
| Top of the 2nd over - 1 run, 1 hit, 0 errors, 0 left on base; Montgomery 2 - Portland 0 |
| BOTTOM OF THE 2ND |
|
Portland Sea Dogs batting - Pitching for Montgomery Biscuits : LHP Frank Rodriguez
|
|
Batting: RHB Larry Brocato
|
0-0: Ball 1-0: Called Strike 1-1: Ground out 3-1 (Groundball, 34S, EV 85.6 MPH)
|
|
Batting: RHB Frank Sokolosky
|
0-0: Ball 1-0: Called Strike 1-1: Ground out 5-3 (Groundball, 56, EV 87.5 MPH)
|
|
Batting: RHB Josh Helman
|
0-0: Swinging Strike 0-1: Ball 1-1: Ball 2-1: Swinging Strike 2-2: Foul Ball, location: 2F 2-2: Foul Ball, location: 2F 2-2: SINGLE (Groundball, 6D, EV 94.4 MPH)
|
|
Batting: SHB Gus Cruz
|
0-0: Ball 1-0: Foul Ball, location: 2F 1-1: Ball 2-1: Swinging Strike 2-2: Strikes out swinging
|
| Bottom of the 2nd over - 0 runs, 1 hit, 0 errors, 1 left on base; Montgomery 2 - Portland 0 |
| TOP OF THE 3RD |
|
Montgomery Biscuits batting - Pitching for Portland Sea Dogs : RHP Lukasha Sheigus
|
|
Batting: RHB Chris Thorson
|
0-0: Ball 1-0: Foul Ball, location: 2F 1-1: Ball 2-1: Foul Ball, location: 2F 2-2: Ball 3-2: Base on Balls
|
|
Batting: LHB Darryl Gonnella
|
0-0: Ball 1-0: DOUBLE (Line Drive, 8RXD, EV 103.1 MPH) Chris Thorson to third
|
|
Batting: LHB Eric Toney
|
0-0: Ball 1-0: Ball 2-0: Swinging Strike 2-1: Swinging Strike 2-2: Ground out 1-3 (Groundball, 13, EV 68.1 MPH)
|
|
Batting: RHB James Huddleston
|
0-0: Swinging Strike 0-1: Ball 1-1: Ball 2-1: Swinging Strike 2-2: Foul Ball, location: 2F 2-2: Strikes out looking
|
|
Batting: RHB Nelle Lommen
|
0-0: Ball 1-0: Ground out 5-3 (Groundball, 5, EV 86.2 MPH)
|
| Top of the 3rd over - 0 runs, 1 hit, 0 errors, 2 left on base; Montgomery 2 - Portland 0 |
| BOTTOM OF THE 3RD |
|
Portland Sea Dogs batting - Pitching for Montgomery Biscuits : LHP Frank Rodriguez
|
|
Batting: RHB Mike Batko
|
0-0: Ball 1-0: Ball 2-0: Foul Ball, location: 2F 2-1: Ball 3-1: SINGLE (Groundball, 6MD, EV 97.5 MPH)
|
|
Batting: RHB Miguel Villanueva
|
0-0: Called Strike 0-1: Ball 1-1: Ball 2-1: Foul Ball, location: 2F 2-2: Ball 3-2: Fielders Choice at 2nd, 4-6 (Groundball, 4, EV 94.4 MPH)
|
|
Batting: RHB Dave Burwell
|
0-0: Called Strike 0-1: 2-RUN HOME RUN (Flyball, 9D, EV 99.4 MPH), Distance : 373 ft
|
|
Batting: RHB Zi-jing Wang
|
0-0: Ball 1-0: Called Strike 1-1: Ball 2-1: Foul Ball, location: 2F 2-2: Ball 3-2: Strikes out looking
|
|
Batting: RHB Mike Cavagnaro
|
0-0: Called Strike 0-1: Foul Ball, location: 2F 0-2: Ball 1-2: Ball 2-2: Strikes out swinging
|
| Bottom of the 3rd over - 2 runs, 2 hits, 0 errors, 0 left on base; Montgomery 2 - Portland 2 |
| TOP OF THE 4TH |
|
Montgomery Biscuits batting - Pitching for Portland Sea Dogs : RHP Lukasha Sheigus
|
|
Batting: LHB Danny Hull
|
0-0: SINGLE (Line Drive, 4D, EV 105.6 MPH)
|
|
Batting: SHB Julio Hernandez
|
0-0: Ball Danny Hull steals 2nd base 1-0: Ground out 1-3 (Groundball, 15S, EV 66.9 MPH)
|
|
Batting: RHB Khalil Walker
|
0-0: Ball 1-0: Ball 2-0: Ball 3-0: Base on Balls
|
|
Batting: LHB Angel Ruvalcaba
|
0-0: Grounds into double play, 4-6-3 (Groundball, 4, EV 110.6 MPH)
|
| Top of the 4th over - 0 runs, 1 hit, 0 errors, 1 left on base; Montgomery 2 - Portland 2 |
| BOTTOM OF THE 4TH |
|
Portland Sea Dogs batting - Pitching for Montgomery Biscuits : LHP Frank Rodriguez
|
|
Batting: RHB Larry Brocato
|
0-0: Ball 1-0: Fly out, F8 (Flyball, 8LD, EV 81.2 MPH)
|
|
Batting: RHB Frank Sokolosky
|
0-0: Called Strike 0-1: Foul Ball, location: 2F 0-2: Strikes out swinging
|
|
Batting: RHB Josh Helman
|
0-0: Called Strike 0-1: Ball 1-1: Foul Ball, location: 2F 1-2: Strikes out looking
|
| Bottom of the 4th over - 0 runs, 0 hits, 0 errors, 0 left on base; Montgomery 2 - Portland 2 |
| TOP OF THE 5TH |
|
Montgomery Biscuits batting - Pitching for Portland Sea Dogs : RHP Lukasha Sheigus
|
|
Batting: RHB Chris Thorson
|
0-0: Ground out 5-3 (Groundball, 56S, EV 81.2 MPH)
|
|
Batting: LHB Darryl Gonnella
|
0-0: Ball 1-0: Ball 2-0: Ball 3-0: Called Strike 3-1: Base on Balls
|
|
Batting: LHB Eric Toney
|
0-0: Called Strike 0-1: Called Strike 0-2: Foul Ball, location: 2F 0-2: Ball 1-2: Ball 2-2: SINGLE (Groundball, 4MD, EV 100.0 MPH) Darryl Gonnella to second
|
|
Batting: RHB James Huddleston
|
0-0: SINGLE (Groundball, 6D, EV 106.2 MPH) Darryl Gonnella to third Eric Toney to second Runner from 3rd tries for Home, SAFE, throw by LF to home
|
|
Batting: RHB Nelle Lommen
|
0-0: Foul Ball, location: 2F 0-1: Ball 1-1: Swinging Strike 1-2: Strikes out swinging
|
|
Batting: LHB Danny Hull
|
0-0: Ground out 4-3 (Groundball, 4, EV 106.9 MPH)
|
| Top of the 5th over - 1 run, 2 hits, 0 errors, 2 left on base; Montgomery 3 - Portland 2 |
| BOTTOM OF THE 5TH |
|
Portland Sea Dogs batting - Pitching for Montgomery Biscuits : LHP Frank Rodriguez
|
|
Batting: SHB Gus Cruz
|
0-0: Called Strike 0-1: Ball 1-1: Fly out, F6 (Line Drive, 6, EV 66.2 MPH)
|
|
Batting: RHB Mike Batko
|
0-0: Ball 1-0: Ball 2-0: Foul Ball, location: 2F 2-1: Foul Ball, location: 2F 2-2: Ball 3-2: Ground out 5-3 (Groundball, 5S, EV 62.5 MPH)
|
|
Batting: RHB Miguel Villanueva
|
0-0: Called Strike 0-1: Foul Ball, location: 2F 0-2: Strikes out swinging, 2-3 out at first.
|
| Bottom of the 5th over - 0 runs, 0 hits, 0 errors, 0 left on base; Montgomery 3 - Portland 2 |
| TOP OF THE 6TH |
|
Montgomery Biscuits batting - Pitching for Portland Sea Dogs : RHP Lukasha Sheigus
|
|
Batting: SHB Julio Hernandez
|
0-0: Ball 1-0: SINGLE (Line Drive, 6D, EV 94.4 MPH)
|
|
Batting: RHB Khalil Walker
|
0-0: Ball Julio Hernandez is caught stealing 2nd base 2-4 1-0: Fly out, F8 (Flyball, 8RD, EV 96.2 MPH)
|
|
DELAY
|
Rain delay of 31 minutes in the 6th inning.
|
|
Batting: LHB Angel Ruvalcaba
|
0-0: Fly out, F8 (Line Drive, 89D, EV 93.1 MPH)
|
| Top of the 6th over - 0 runs, 1 hit, 0 errors, 0 left on base; Montgomery 3 - Portland 2 |
| BOTTOM OF THE 6TH |
|
Portland Sea Dogs batting - Pitching for Montgomery Biscuits : LHP Frank Rodriguez
|
|
Batting: RHB Dave Burwell
|
0-0: Ball 1-0: Foul Ball, location: 2F 1-1: Ball 2-1: Swinging Strike 2-2: Ball 3-2: Foul Ball, location: 2F 3-2: Strikes out looking
|
|
Batting: RHB Zi-jing Wang
|
0-0: Ball 1-0: Called Strike 1-1: Ground out 5-3 (Groundball, 56, EV 89.4 MPH)
|
|
Batting: RHB Mike Cavagnaro
|
0-0: Ball 1-0: Ball 2-0: Ball 3-0: Foul Ball, location: 2F 3-1: Ground out 6-3 (Groundball, 6D, EV 111.2 MPH)
|
| Bottom of the 6th over - 0 runs, 0 hits, 0 errors, 0 left on base; Montgomery 3 - Portland 2 |
| TOP OF THE 7TH |
|
Montgomery Biscuits batting - Pitching for Portland Sea Dogs : RHP Lukasha Sheigus
|
|
Batting: RHB Chris Thorson
|
0-0: Ball 1-0: Foul Ball, location: 2F 1-1: Foul Ball, location: 2F 1-2: Ball 2-2: Ball 3-2: Base on Balls
|
|
Pitching: RHP Joseph Anderson
|
|
|
Batting: LHB Darryl Gonnella
|
0-0: Ball 1-0: Sac Bunt to 25 - play at first, batter safe! Chris Thorson to second
|
|
Batting: LHB Eric Toney
|
0-0: Called Strike Chris Thorson steals 3rd base Darryl Gonnella to second 0-1: SINGLE (Groundball, 2L, EV 61.9 MPH) (infield hit)
|
|
Batting: RHB James Huddleston
|
0-0: SINGLE (Line Drive, 78S, EV 96.9 MPH) Chris Thorson scores Darryl Gonnella to third Eric Toney to second Runner from 3rd tries for Home, throw by LF and OUT! 7-2
|
|
Batting: RHB Nelle Lommen
|
0-0: Called Strike 0-1: Ball 1-1: Ball 2-1: Ball 3-1: Swinging Strike 3-2: Strikes out swinging
|
|
Batting: LHB Danny Hull
|
0-0: Called Strike 0-1: Swinging Strike 0-2: Strikes out swinging
|
| Top of the 7th over - 1 run, 3 hits, 0 errors, 2 left on base; Montgomery 4 - Portland 2 |
| BOTTOM OF THE 7TH |
|
Portland Sea Dogs batting - Pitching for Montgomery Biscuits : LHP Frank Rodriguez
|
|
Pitching: RHP Jaime Astacio
|
|
|
Batting: RHB Larry Brocato
|
0-0: Called Strike 0-1: Ball 1-1: Ball 2-1: Ground out 6-3 (Groundball, 6, EV 82.5 MPH)
|
|
Pinch Hitting: LHB Aaron Brannon
|
0-0: Foul Ball, location: 2F 0-1: Foul Ball, location: 2F 0-2: Ball 1-2: Ball 2-2: SINGLE (Groundball, 34D, EV 107.5 MPH)
|
|
Batting: RHB Josh Helman
|
0-0: Ball Aaron Brannon steals 2nd base 1-0: Ball 2-0: Called Strike 2-1: Fly out, F9 (Flyball, 9S, EV 80.6 MPH)
|
|
Batting: SHB Gus Cruz
|
0-0: Called Strike 0-1: Ball 1-1: Ball 2-1: Foul Ball, location: 2F 2-2: Ball 3-2: Ground out 4-3 (Groundball, 4, EV 96.2 MPH)
|
| Bottom of the 7th over - 0 runs, 1 hit, 0 errors, 1 left on base; Montgomery 4 - Portland 2 |
| TOP OF THE 8TH |
|
Montgomery Biscuits batting - Pitching for Portland Sea Dogs : RHP Joseph Anderson
|
|
Pitching: RHP Elliot Monroe
|
|
|
Now at 3B: Travis Campbell
|
|
|
Now at SS: Mike Batko
|
|
|
Batting: SHB Julio Hernandez
|
0-0: Called Strike 0-1: Ball 1-1: Ball 2-1: Ball 3-1: Fly out, F8 (Flyball, 78XD, EV 89.4 MPH)
|
|
Batting: RHB Khalil Walker
|
0-0: Called Strike 0-1: Ball 1-1: Ground out U3 (Groundball, 34, EV 93.8 MPH)
|
|
Batting: LHB Angel Ruvalcaba
|
0-0: Ball 1-0: SINGLE (Line Drive, 78S, EV 105.6 MPH)
|
|
Batting: RHB Chris Thorson
|
0-0: Ball 1-0: Ball 2-0: Ball 3-0: Called Strike 3-1: Foul Ball, location: 2F 3-2: Strikes out looking
|
| Top of the 8th over - 0 runs, 1 hit, 0 errors, 1 left on base; Montgomery 4 - Portland 2 |
| BOTTOM OF THE 8TH |
|
Portland Sea Dogs batting - Pitching for Montgomery Biscuits : RHP Jaime Astacio
|
|
Batting: RHB Mike Batko
|
0-0: Foul Ball, location: 2F 0-1: Ball 1-1: Called Strike 1-2: Foul Ball, location: 2F 1-2: Strikes out swinging
|
|
Pinch Hitting: LHB David Moore
|
0-0: Ball 1-0: Ball 2-0: Ball 3-0: Base on Balls
|
|
Batting: RHB Dave Burwell
|
0-0: Ball 1-0: Called Strike 1-1: Ball 2-1: Called Strike 2-2: Strikes out swinging
|
|
Batting: RHB Zi-jing Wang
|
0-0: Ball 1-0: Swinging Strike 1-1: Swinging Strike 1-2: Ball 2-2: Foul Ball, location: 2F 2-2: Foul Ball, location: 2F 2-2: Fly out, F9 (Line Drive, 9D, EV 93.8 MPH)
|
| Bottom of the 8th over - 0 runs, 0 hits, 0 errors, 1 left on base; Montgomery 4 - Portland 2 |
| TOP OF THE 9TH |
|
Montgomery Biscuits batting - Pitching for Portland Sea Dogs : RHP Elliot Monroe
|
|
Pitching: LHP David Schultz
|
|
|
Now in CF: Dave Reyes
|
|
|
Batting: LHB Darryl Gonnella
|
0-0: Called Strike 0-1: Fly out, F9 (Flyball, 89D, EV 88.8 MPH)
|
|
Batting: LHB Eric Toney
|
0-0: Called Strike 0-1: Foul Ball, location: 2F 0-2: Fly out, F4 (Popup, 4M, EV 73.8 MPH)
|
|
Batting: RHB James Huddleston
|
0-0: Ball 1-0: Foul Ball, location: 2F 1-1: Ball 2-1: Ball 3-1: Called Strike 3-2: Base on Balls
|
|
Batting: RHB Nelle Lommen
|
0-0: Called Strike 0-1: Foul Ball, location: 2F 0-2: Foul Ball, location: 2F 0-2: Foul Ball, location: 2F 0-2: Reached on error, E4 (Groundball, 4, EV 90.6 MPH) James Huddleston to second
|
|
Batting: LHB Danny Hull
|
0-0: Ball Nelle Lommen steals 2nd, throwing error, E2 James Huddleston scores Nelle Lommen to third 1-0: Foul Ball, location: 2F 1-1: DOUBLE (Line Drive, 78D, EV 103.1 MPH) Nelle Lommen scores
|
|
Batting: SHB Julio Hernandez
|
0-0: Ball 1-0: Swinging Strike 1-1: Foul Ball, location: 2F 1-2: Ball 2-2: Foul Ball, location: 2F 2-2: Ball 3-2: Foul Ball, location: 2F 3-2: Ground out 6-3 (Groundball, 6, EV 80.6 MPH)
|
| Top of the 9th over - 2 runs, 1 hit, 2 errors, 1 left on base; Montgomery 6 - Portland 2 |
| BOTTOM OF THE 9TH |
|
Portland Sea Dogs batting - Pitching for Montgomery Biscuits : RHP Jaime Astacio
|
|
Pitching: LHP Chris Polite
|
|
|
Batting: RHB Mike Cavagnaro
|
0-0: Called Strike 0-1: Reached on error, E6 (Groundball, 6, EV 91.2 MPH)
|
|
Batting: RHB Larry Brocato
|
0-0: Ball 1-0: Called Strike 1-1: Called Strike 1-2: SINGLE (Flyball, 9S, EV 92.5 MPH) Mike Cavagnaro to third
|
|
Pitching: RHP Josh McMahan
|
|
|
Batting: RHB Travis Campbell
|
0-0: Called Strike 0-1: Foul Ball, location: 2F 0-2: Ball 1-2: Ball 2-2: Foul Ball, location: 2F 2-2: Foul Ball, location: 2F 2-2: Fielders Choice at 2nd, 1-6 (Groundball, 13S, EV 75.0 MPH)
|
|
Pinch Hitting: LHB Sergio Tinoco
|
0-0: Fielders Choice at 2nd, 4-6 (Groundball, 34S, EV 88.1 MPH) Mike Cavagnaro scores
|
|
Batting: SHB Gus Cruz
|
0-0: Ball 1-0: Called Strike 1-1: Ball 2-1: Swinging Strike 2-2: Strikes out swinging
|
| Bottom of the 9th over - 1 run, 1 hit, 1 error, 1 left on base; Montgomery 6 - Portland 3 |
|